AoeStats
← Infadel

Arabia

508784543Analyzed
1v1 RM · 9d ago on Sep 24, 2026· 46m 1s· 2 players
Game mode
Random Map
Map size
Tiny (2 player)
Population
200
Speed
Normal
Resources
Standard
Victory
Conquest
Starting age
Dark Age
Ending age
Imperial Age
RankedLock teamsTeams togetherTeam positionsShared explorationLock speedFull tech treeHidden civsTurbo modeCheats
Victory
Defeat
🇦🇷 Magyars · Argentina
1199
+15
🇮🇳 Lithuanians · India
1168
-15
Infadel
6:30 Loom
9:31 Feudal Age
10:19 Double-Bit Axe
16:05 Forging
18:10 Gold Mining
22:25 Castle Age
21:42 Fletching
22:45 Scale Barding Armor
23:33 Bow Saw
25:27 Iron Casting
24:52 Scale Mail Armor
25:36 Town Watch
28:25 Stone Mining
29:42 Bloodlines
29:29 Horse Collar
30:52 Chain Barding Armor
32:14 Wheelbarrow
34:29 Stone Shaft Mining
35:03 Padded Archer Armor
36:33 Husbandry
41:26 Imperial Age
39:08 Heavy Plow
39:56 Hill Forts
41:40 Light Cavalry
43:01 Plate Barding Armor
42:09 Light Cavalry
44:18 Bodkin Arrow
santy
8:58 Feudal Age
8:57 Loom
10:41 Double-Bit Axe
12:44 Bloodlines
21:38 Castle Age
20:26 Gold Mining
20:36 Horse Collar
22:10 Scale Barding Armor
21:58 Fletching
25:28 Pikeman
29:49 Devotion
30:42 Wheelbarrow
33:18 Arson
34:17 Scale Mail Armor
38:12 Imperial Age
37:07 Bow Saw
38:47 Chain Mail Armor
41:44 Conscription
40:52 Light Cavalry
41:58 Halberdier
43:56 Hussar
Connection lost

Rejoining the realm…

Still unreachable

The connection could not be restored.

Session expired

The server has moved on; the page needs a fresh start.